 Dungeon Crawl Stone Soup version 0.27.1 (webtiles) character file.

Game seed: 13317097722689340067

49 MajorAdolf the Stinger (level 3, -2/28 HPs)
             Began as a Naga Wanderer on Sept 2, 2021.
             Slain by a gnoll (4 damage)
             ... on level 2 of the Dungeon.
             The game lasted 00:03:08 (2047 turns).

MajorAdolf the Stinger (Naga Wanderer)              Turns: 2047, Time: 00:03:09

Health: -2/28      AC:  6    Str: 16    XL:     3   Next: 75%
Magic:  3/3        EV:  9    Int: 11    God:
Gold:   63         SH:  0    Dex: 10    Spells: 1/2 levels left

rFire    . . .     SeeInvis +   d - +0 short sword
rCold    . . .     Faith    .   (no shield)
rNeg     . . .     Spirit   .   l - +0 robe
rPois    +         Reflect  .   (no helmet)
rElec    .         Harm     .   (no cloak)
rCorr    .         Rampage  .   (no gloves)
Will     .....                  (no barding)
Stlth    +.........             (no amulet)
HPRegen  0.09/turn              a - +4 ring of protection
MPRegen  0.08/turn              g - ring of flight

@: flying, very slow
A: AC +1, large, see invisible, deformed body, poison resistance, slowness 2,
spit poison 1, naga tail 1
a: Spit Poison


You were on level 2 of the Dungeon.
You visited 1 branch of the dungeon, and saw 2 of its levels.

You collected 63 gold pieces.

Inventory:

Hand Weapons
 d - a +0 short sword (weapon)
Armour
 b - a +0 ring mail
 l - a +0 robe (worn)
Jewellery
 a - a +4 ring of protection (left hand)
 g - a ring of flight (right hand)
Wands
 c - a wand of flame (15)
Scrolls
 e - a scroll of immolation
 f - a scroll of teleportation {unknown}
 i - 3 scrolls of identify {unknown}
 j - a scroll of enchant weapon {unknown}
Potions
 h - 2 potions of ambrosia {unknown}
 k - a potion of curing {unknown}


   Skills:
 - Level 1.0 Axes
 - Level 1.5 Armour
 - Level 1.0 Shields
 + Level 0.0 Spellcasting
 + Level 2.1 Conjurations
 - Level 1.0 Translocations
 + Level 2.1 Earth Magic
 - Level 5.3 Poison Magic
 - Level 1.0 Evocations


You had one spell level left.
You knew the following spells:

 Your Spells              Type           Power      Damage    Failure   Level
a - Sandblast             Erth           8%         2d5       14%         1

Your spell library contained the following spells:

 Spells                   Type           Power      Damage    Failure   Level
 Stone Arrow              Conj/Erth      8%         3d7       41%         3
 Dazzling Flash           Conj/Hex       4%         N/A       56%         3
 Iskenderun's Mystic Bla  Conj/Tloc      3%         2d3       88%         4
 Petrify                  Tmut/Erth      2%         N/A       92%         4
 Metabolic Englaciation   Hex/Ice        0%         N/A       100%        5
 Starburst                Conj/Fire      1%         6d3       100%        6
 Statue Form              Tmut/Erth      1%         N/A       100%        6


Dungeon Overview and Level Annotations

Branches:
Dungeon (2/15)

Altars:

Shops:
D:1 !


Innate Abilities, Weirdness & Mutations

Your serpentine skin is tough. (AC +1)
You have supernaturally acute eyesight. (SInv)
Armour fits poorly on your strangely shaped body.
Your system is resistant to poisons. (rPois)
You cover ground very slowly.
You can spit poison.
You have a snake-like lower body.


Message History

Unknown command.
A gnoll comes into view. It is wielding a +0 whip.
The gnoll shouts!
A gnoll is nearby!
A gnoll is nearby!
Okay, then.
Okay, then.
Okay, then.
A gnoll comes into view. It is wielding a +0 halberd.
The gnoll throws a throwing net.
The throwing net hits you.
You become entangled in the net!
The gnoll moves out of view.
A gnoll comes into view. It is wielding a +0 halberd.
You see here a throwing net.
Press: ? - help, Shift-Dir - straight line, f - gnoll
Aim: a gnoll, wielding a +0 whip and quivering a throwing net The splash of poison hits the gnoll.
The gnoll is poisoned.
The gnoll is moderately wounded.
Unknown command.
You struggle against the net.
You tear a large gash into the net.
You rip the net and break free!
The gnoll hits you with a +0 whip.
The gnoll looks more healthy.
The gnoll throws a throwing net.
The throwing net hits you.
You become entangled in the net!
You see here a throwing net.
You tear a large gash into the net.
You struggle against the net.
You have got your breath back.
The gnoll barely misses you.
The gnoll hits you from afar with a +0 halberd!
You struggle against the net.
The gnoll hits you with a +0 whip.
The gnoll hits you from afar with a +0 halberd.
You rip the net and break free!
The gnoll hits you but does no damage.
The gnoll hits you from afar with a +0 halberd!
* * * LOW HITPOINT WARNING * * *
Unknown command.
Okay, then.
As you read the scroll labelled XOUTSO FOJOKHLIU, it crumbles to dust.
The creatures around you are filled with an inner flame!
It was a scroll of immolation.
The gnoll hits you with a +0 whip.
You die...

#.#
..#
#.#
####.#
#.#
#<##.#
#.#
#.##.#
#.#
#.##.#
#..
#.##.#
#.##g#
#.##g#
#.##@#
#.##.#
#....#
######


You could see 2 gnolls.

Vanquished Creatures
  An adder (D:2)
  2 dart slugs (D:1)
  2 ball pythons (D:2)
  5 bats
  4 endoplasms (D:1)
  3 giant cockroaches
  A goblin (D:2)
  4 hobgoblins (D:1)
  2 jackals (D:1)
  A kobold (D:1)
  3 quokkas (D:1)
  A frilled lizard (D:2)
  A rat (D:1)
30 creatures vanquished.

Notes
Turn   | Place    | Note
-------+----------+-------------------------------------------
     0 | D:1      | MajorAdolf the Naga Wanderer began the quest for the Orb.
     0 | D:1      | MajorAdolf set off with the following items: a +0 club, a
                  | +0 ring mail, a wand of flame (15); and the following spell
                  | memorised: Sandblast; and the following spells available to
                  | memorise: Stone Arrow
     0 | D:1      | Reached XP level 1. HP: 15/15 MP: 1/1
   282 | D:1      | Reached skill level 1 in Conjurations
   282 | D:1      | Reached skill level 1 in Earth Magic
   282 | D:1      | Reached XP level 2. HP: 14/22 MP: 2/2
   959 | D:1      | Found Ickeisuw's Distillery.
  1338 | D:1      | Reached XP level 3. HP: 27/28 MP: 3/3
  2047 | D:2      | Slain by a gnoll

Illustrated notes

Levels and vault maps discovered:
D:1:      minmay_arrival_glassed_features, layout_loops_ring, serial_shops,
          nicolae_shop_crystal, minmay_indecisive_spiral
D:2:      layout_basic

Skill      XL: |  1  2  3 |
---------------+----------+-----
Conjurations   | 1 2 |  2.1
Earth Magic    | 1 2 |  2.1
Axes           | |  1.0
Armour         | |  1.5
Shields        | |  1.0
Translocations | |  1.0
Poison Magic   | |  5.3
Evocations     | |  1.0

Action                   || total
-------------------------++-------
Melee: Club              ||    13
       Short sword       ||    84
 Abil: Spit Poison       ||    14
  Use: Scroll            ||     1
Armor: Ring mail         ||    64
       Robe              ||     1
Dodge: Dodged            ||    54
